 Dungeon Crawl Stone Soup version 0.28.0-53-g5a82cb258f (webtiles) character file.

Game seed: 12239490201957303580

1120 greena the Covered (level 8, -11/70 HPs)
             Began as a Minotaur Abyssal Knight on May 26, 2022.
             Was a Priest of Lugonu.
             Mangled by Duvessa
             ... wielding a +0 rapier
              (14 damage)
             ... on level 5 of the Dungeon.
             The game lasted 00:16:02 (5204 turns).

greena the Covered (Minotaur Abyssal Knight)        Turns: 5204, Time: 00:16:02

Health: -11/70     AC: 13    Str: 20    XL:     8   Next: 12%
Magic:  8/8        EV:  6    Int:  7    God:    Lugonu [***...]
Gold:   175        SH:  0    Dex:  9    Spells: 7/7 levels left

rFire   . . .      SeeInvis .   k - +2 trident (venom)
rCold   . . .      Faith    .   (no shield)
rNeg    . . .      Spirit   .   g - +1 plate armour
rPois   .          Reflect  .   (helmet unavailable)
rElec   .          Harm     .   (no cloak)
rCorr   .          Rampage  .   (no gloves)
Will    +....                   (no boots)
Stlth   ..........              (no amulet)
HPRegen 0.21/turn               (no ring)
MPRegen 0.11/turn               (no ring)

@: no status effects
A: horns 3, retaliatory headbutt, clumsy 1, strong-willed 1, no potion heal 1
a: Renounce Religion, Depart the Abyss, Bend Space, Banish


You were on level 5 of the Dungeon.
You worshipped Lugonu.
Lugonu was most pleased with you.
You visited 1 branch of the dungeon, and saw 5 of its levels.
You visited the Abyss 1 time.

You collected 175 gold pieces.

Inventory:

Hand Weapons
 a - a +1 falchion
 e - a +2 whip of draining
 i - a +0 spear
 k - a +2 trident of venom (weapon)
Missiles
 c - 106 arrows
 d - 9 boomerangs
 f - 5 poisoned darts
 h - 5 javelins
Armour
 b - a +0 leather armour
 g - a +1 plate armour (worn)
Wands
 l - a wand of flame (27)
Scrolls
 o - a scroll of enchant armour
 p - a scroll of amnesia
Potions
 m - a potion of curing


   Skills:
 + Level 6.1 Fighting
 + Level 2.9 Long Blades
 + Level 5.9 Maces & Flails
 + Level 4.2 Polearms
 + Level 6.5 Armour
 + Level 1.9 Dodging
 + Level 0.4 Stealth
 + Level 2.4 Invocations


You had 7 spell levels left.
You didn't know any spells.
Your spell library contained the following spells:

 Spells                   Type           Power      Damage    Failure   Level
 Magic Dart               Conj           0%         1d3       100%        1
 Call Imp                 Summ           0%         N/A       100%        2
 Mephitic Cloud           Conj/Pois/Air  0%         N/A       100%        3
 Portal Projectile        Hex/Tloc       0%         N/A       100%        3
 Blade Hands              Tmut           0%         N/A       100%        5
 Excruciating Wounds      Necr           0%         N/A       100%        5
 Summon Forest            Summ/Tloc      0%         N/A       100%        5
 Summon Mana Viper        Hex/Summ       0%         N/A       100%        5
 Summon Cactus Giant      Summ           0%         N/A       100%        6


Dungeon Overview and Level Annotations

Branches:
Dungeon (5/15)             Temple (0/1) D:5

Altars:

Annotations:
D:5 Duvessa


Innate Abilities, Weirdness & Mutations

You have a pair of large horns on your head.
You reflexively headbutt those who attack you in melee.
You are clumsy. (Dex -2)
You are strong-willed. (Will+)
Potions are less effective at restoring your health.


Message History

Press: ? - help, Dir - move target, f/p - Duvessa
Aim: Duvessa, wielding a +0 rapier and wearing a +2 chain mail of fire resistance (lightly wounded, berserk, about 28% to evade your +2 trident of venom)
You hit Duvessa.
Duvessa is poisoned.
Duvessa is lightly wounded.
Duvessa hits you with a +0 rapier. Duvessa hits you with a +0 rapier!
Duvessa hits you with a +0 rapier! Duvessa barely misses you.
You furiously retaliate!
You headbutt Duvessa.
Reach: k) +2 trident (venom)
Press: ? - help, Dir - move target, f/p - Duvessa
Aim: Duvessa, wielding a +0 rapier and wearing a +2 chain mail of fire resistance (lightly wounded, berserk, very poisoned, about 28% to evade your +2 trident of venom)
You completely miss Duvessa. You headbutt Duvessa, but do no damage.
Duvessa is lightly wounded.
Duvessa hits you but does no damage.
Reach: k) +2 trident (venom)
Press: ? - help, Dir - move target, f/p - Duvessa
Aim: Duvessa, wielding a +0 rapier and wearing a +2 chain mail of fire resistance (lightly wounded, berserk, poisoned, about 28% to evade your +2 trident of venom)
You hit Duvessa but do no damage.
Duvessa looks even sicker.
Duvessa is lightly wounded.
Duvessa hits you but does no damage. Duvessa hits you with a +0 rapier!
* * * LOW HITPOINT WARNING * * *
Your system partially rejects the healing.
You feel better. Duvessa hits you with a +0 rapier.
* * * LOW HITPOINT WARNING * * *
Your system partially rejects the healing.
You feel better. Duvessa hits you with a +0 rapier!
* * * LOW HITPOINT WARNING * * *
Duvessa hits you with a +0 rapier.
* * * LOW HITPOINT WARNING * * *
Blink to where?
Press: ? - help, Dir - move target, p - Duvessa
As you read the scroll of blinking, it crumbles to dust.
As you read the scroll of fog, it crumbles to dust.
The scroll dissolves into smoke.
You hear a shout!
Duvessa rages.
You hit Duvessa but do no damage.
Duvessa looks as sick as possible!
Your headbutt misses Duvessa.
Duvessa is moderately wounded.
Duvessa hits you with a +0 rapier!
You die...

,*...[.....# *,*****
#. ,*.#######.# *,*
#. ,*,* #.###### *,*
#. ,*,*
#......#*******,*
#####. ,*,*
#§####....,,,,,,*
#..... ,*,* #§#
****#**#######.###.
,,,* #§# #....>..# #.
****
#§###########.#######
## #§§§..e@......#
###############


You could see Duvessa (berserk, extremely poisoned).

Vanquished Creatures
  A steam dragon (D:4)
  Menkaure (D:4)
  A black bear (D:4)
  A necrophage (D:3)
  A phantom (D:5)
  3 scorpions
  Dowan (D:5)
  A howler monkey (D:5)
  A bullfrog zombie (D:5)
  A gnoll shaman (D:5)
  2 orc priests
  2 iguanas
  An orc wizard (D:5)
  A hound zombie (D:5)
  5 adders
  3 gnolls (D:5)
  A worm (D:3)
  3 dart slugs
  13 orcs
  7 endoplasms
  3 giant cockroaches
  5 goblins
  6 hobgoblins
  3 quokkas (D:2)
  5 ball pythons
  4 bats
  4 frilled lizards
  5 kobolds
  5 rats
90 creatures vanquished.

Vanquished Creatures (others)
  5 plants (D:1)
5 creatures vanquished.

Grand Total: 95 creatures vanquished

Notes
Turn   | Place    | Note
-------+----------+-------------------------------------------
     0 | Abyss:1  | greena the Minotaur Abyssal Knight began the quest for the
                  | Orb.
     0 | Abyss:1  | Reached XP level 1. HP: 19/19 MP: 1/1
    13 | D:1      | Escaped the Abyss
   266 | D:1      | Reached XP level 2. HP: 27/27 MP: 2/2
   487 | D:2      | Reached ** piety under Lugonu
   495 | D:2      | Reached XP level 3. HP: 21/34 MP: 3/3
  1161 | D:3      | Reached skill level 1 in Maces & Flails
  1161 | D:3      | Reached XP level 4. HP: 23/41 MP: 4/4
  1165 | D:3      | Reached skill level 5 in Fighting
  2127 | D:3      | Reached *** piety under Lugonu
  2128 | D:3      | Reached XP level 5. HP: 39/48 MP: 5/5
  2243 | D:4      | Noticed Menkaure
  2250 | D:4      | Noticed a necrophage
  2334 | D:3      | Killed a necrophage
  2916 | D:4      | Noticed a black bear
  2924 | D:4      | Killed a black bear
  2925 | D:4      | Reached XP level 6. HP: 49/56 MP: 6/6
  3050 | D:4      | Gained mutation: Potions are less effective at restoring
                  | your health. [potion of mutation]
  3050 | D:4      | Gained mutation: You are clumsy. (Dex -2) [potion of
                  | mutation]
  3050 | D:4      | Gained mutation: You are strong-willed. (Will+) [potion of
                  | mutation]
  3050 | D:4      | Gained mutation: You have a pair of large horns on your
                  | head. [potion of mutation]
  3457 | D:4      | Noticed a steam dragon
  3476 | D:4      | Killed a steam dragon
  3477 | D:4      | Reached skill level 5 in Maces & Flails
  3477 | D:4      | Reached XP level 7. HP: 23/61 MP: 7/7
  4148 | D:4      | Killed Menkaure
  4149 | D:4      | Reached skill level 1 in Polearms
  4149 | D:4      | Reached skill level 5 in Armour
  4475 | D:5      | Entered Level 5 of the Dungeon
  4754 | D:5      | Identified the +1 helmet "Ytekuibb" {SInv}
  4929 | D:5      | Reached XP level 8. HP: 58/70 MP: 8/8
  5178 | D:5      | Noticed Dowan
  5179 | D:5      | Noticed Duvessa
  5184 | D:5      | Killed Dowan
  5194 | D:5      | HP: 1/70 [Duvessa/+0 rapier (4)]
  5204 | D:5      | Mangled by Duvessa

Illustrated notes

Levels and vault maps discovered:
D:1:      roderic_crop_circles_arrival_small, layout_basic
D:2:      layout_rooms, st_stairs_6
D:3:      layout_loops_ring
D:4:      black_bear_nest_2, layout_layer_cave, uniq_menkaure
D:5:      layout_loops_ring, grunt_dithmenos_smoke_and_mirrors,
          minmay_temple_entry_junction, uniq_duvessa

Skill      XL: |  1  2  3  4  5  6  7  8 |
---------------+-------------------------+-----
Fighting       | 4 5 6 |  6.1
Invocations    | 2 |  2.4
Armour         | 3 4 6 |  6.5
Maces & Flails | 1 2 4 5 |  5.9
Polearms       | 3 4 |  4.2
Long Blades    | |  2.9
Dodging        | |  1.9
Stealth        | |  0.4

Action                   |  1- 3 |  4- 6 |  7- 9 || total
-------------------------+-------+-------+-------++-------
Melee: Falchion          |    11 |       |       ||    11
       Whip              |    74 |    82 |       ||   156
       Headbutt          |    10 |    10 |    15 ||    35
       Punch             |     2 |       |       ||     2
       Trident           |       |     4 |    77 ||    81
  Use: Potion            |     1 |     5 |     2 ||     8
       Scroll            |       |     4 |     6 ||    10
Armor: Leather armour    |    19 |       |       ||    19
       Plate armour      |    35 |    64 |    23 ||   122
Dodge: Dodged            |    28 |    22 |    14 ||    64
